 Dungeon Crawl Stone Soup version 0.29.1-13-g9f3cf754e1 (webtiles) character file.

Game seed: 17085345811361877033

5800 KittyFluff the Basher (level 10, -1/63 HPs)
             Began as a Gargoyle Berserker on Jan 22, 2023.
             Was an Elder of Trog.
             Slain by an orc warrior
             ... wielding a +0 trident
              (10 damage)
             ... on level 8 of the Dungeon.
             The game lasted 00:39:09 (8478 turns).

KittyFluff the Basher (Gargoyle Berserker)          Turns: 8478, Time: 00:39:13

Health: -1/63      AC: 20    Str: 22    XL:     10   Next: 79%
Magic:  10/10      EV: 14    Int:  7    God:    Trog [****..]
Gold:   298        SH:  0    Dex: 15    Spells: 9/9 levels left

rFire   . . .      SeeInvis +   p - +0 flail (drain)
rCold   . . .      Faith    .   (no shield)
rNeg    + . .      Spirit   .   i - +2 leather armour of the Journeyman {Will+ Dex+2}
rPois   ∞          Reflect  .   t - +2 helmet
rElec   +          Harm     .   q - +1 cloak {Will+}
rCorr   .          Rampage  .   h - +0 pair of gloves
Will    +....                   (no boots)
Stlth   ++........              v - amulet of the acrobat
HPRegen 0.20/turn               N - ring of see invisible
MPRegen 0.12/turn               (no ring)

@: about to teleport, weak-willed
A: sickness immunity, AC +7, negative energy resistance 1, electricity
resistance, torment resistance 1, petrification resistance
a: Renounce Religion, Berserk, Trog's Hand, Brothers in Arms


You were on level 8 of the Dungeon.
You worshipped Trog.
Trog was greatly pleased with you.
You visited 1 branch of the dungeon, and saw 8 of its levels.

You collected 298 gold pieces.

Inventory:

Hand Weapons
 a - a +1 mace of protection
 p - a +0 flail of draining (weapon)
 K - a +0 shortbow
Missiles
 b - 62 stones (quivered)
 d - 13 poisoned darts
 e - 6 atropa-tipped darts
 k - 10 boomerangs
 n - 2 javelins
 J - a throwing net
Armour
 h - a +0 pair of gloves (worn)
 i - the +2 leather armour of the Journeyman (worn) {Will+ Dex+2}
   (You found it on level 2 of the Dungeon)

   Dex:       It affects your dexterity (+2).
   Will:      It increases your willpower.
 q - a +1 cloak of willpower (worn)
 t - a +2 helmet (worn)
 y - a +0 ring mail
 A - a +0 scale mail
 M - a +1 leather armour of fire resistance
Jewellery
 v - an amulet of the acrobat (around neck)
 H - a ring of fire
 N - a ring of see invisible (left hand)
Wands
 F - a wand of flame (11)
 P - a wand of paralysis (4)
Scrolls
 f - 2 scrolls of fog {unknown}
 g - a scroll of torment
 j - 4 scrolls of vulnerability
 m - 2 scrolls of silence {unknown}
 o - 4 scrolls of teleportation
 r - a scroll of enchant weapon {unknown}
 u - 2 scrolls of amnesia {unknown}
 x - 2 scrolls of blinking {unknown}
 B - 3 scrolls of noise {unknown}
 E - a scroll of immolation {unknown}
 I - a scroll of magic mapping
Potions
 c - a potion of haste
 l - 2 potions of magic
 s - 4 potions of curing
 w - 2 potions of might
 z - a potion of cancellation
 C - 2 potions of lignification
 D - a potion of attraction
 G - 3 potions of mutation
 L - 2 potions of heal wounds


   Skills:
 + Level 7.5 Fighting
 + Level 10.8 Maces & Flails
 * Level 8.2 Armour
 + Level 5.6 Dodging
 + Level 3.8 Stealth


You had 9 spell levels left.
You didn't know any spells.
Your spell library was empty.

Dungeon Overview and Level Annotations

Branches:
Dungeon (8/15)             Temple (0/1) D:5
   Lair: D:8-11

Altars:
Ashenzari
Elyvilon
Fedhas
Qazlal
Trog

Annotations:
D:8 Grum, Joseph


Innate Abilities, Weirdness & Mutations

You are immune to sickness and miasma.
Your stone body is resilient. (AC +7)
You are immune to poison.
You resist negative energy. (rN+)
You are resistant to electric shocks. (rElec)
You are resistant to unholy torment.
You are immune to petrification.


Message History

You hit the water moccasin but do no damage.
You drain the water moccasin.
The water moccasin is heavily wounded.
The killer bee misses you. The killer bee completely misses you.
The killer bee closely misses you.
The water moccasin completely misses you.
The killer bee closely misses you.
The killer bee stings you but does no damage.
The killer bee stings you. The orc warrior misses you.
You barely miss the killer bee.
The killer bee is heavily wounded.
The water moccasin misses you. The killer bee closely misses you.
The killer bee misses you. The killer bee barely misses you.
The water moccasin bites you but does no damage.
You closely miss the killer bee.
The killer bee is heavily wounded.
The killer bee closely misses you. The killer bee barely misses you.
The killer bee stings you but does no damage.
The orc warrior hits you from afar with a +0 trident.
A wolf comes into view.
The killer bee stings you but does no damage. x2
The killer bee barely misses you.
The water moccasin bites you but does no damage.
As you read the scroll labelled POSKE FETEI, it crumbles to dust.
The wolf howls!
Magic quickly surges around you.
It was a scroll of vulnerability.
The killer bee stings you. The killer bee closely misses you.
The killer bee misses you. The water moccasin closely misses you.
The orc warrior hits you from afar with a +0 trident.
* * * LOW HITPOINT WARNING * * *
The killer bee misses you. The killer bee stings you.
* * * LOW HITPOINT WARNING * * *
The killer bee closely misses you.
As you read the scroll labelled NICWOS CAETI, it crumbles to dust.
You feel strangely unstable.
It was a scroll of teleportation.
The killer bee barely misses you.
The killer bee stings you but does no damage.
The killer bee barely misses you. The water moccasin misses you.
The orc warrior hits you from afar with a +0 trident!
You die...

..##.###..#.####### #
................... y. #.
#.######.##.####### .
###. #.# #.##.# #.. y
.... .#.# #.##.# #.# .#
#. # #.####.##.# #.####.#
# # ##........###.. ...
#.
###.#######.##Dy##.###.##
. #. .#..#
#...#.##yy@So...... ....
#.#.##.# #..##.y##o#.##.#
.##. ....#.# #.##..##...S
#. ..##.# ####..#.....#.#
#. ####.#
#.......h##.#... .. #
#.###.##..##.# ...#.. .#
# ##.##.##.###.# .#.#.#.
##. # ##.#.#..# #.. .#
... ... #######...#.#
#.## . ##.


You could see 2 orc warriors, a water moccasin (weak-willed, drained), an acid
dragon, a wolf (weak-willed) and 4 killer bees.

Vanquished Creatures
  2 two-headed ogres
  A cyclops (D:8)
  Grinder (D:6)
  A hornet (D:8)
  Sigmund (D:3)
  A wyvern (D:7)
  A steam dragon (D:8)
  Menkaure (D:6)
  Edmund (D:4)
  2 water moccasins
  Duvessa (D:5)
  2 black bears
  An ice beast (D:4)
  2 sky beasts (D:6)
  A centaur (D:8)
  3 phantoms
  5 bullfrogs
  A kobold brigand (D:8)
  A necrophage (D:6)
  3 scorpions
  5 wights (D:8)
  Dowan (D:5)
  6 killer bees
  3 howler monkeys
  4 hounds
  2 jellies
  2 gnoll boudas
  3 orc priests
  Crazy Yiuf (D:3)
  2 iguanas
  6 orc wizards
  13 gnolls
  5 adders
  2 dart slugs (D:5)
  24 orcs
  13 endoplasms
  5 giant cockroaches
  8 goblins
  10 hobgoblins
  4 jackals (D:5)
  3 quokkas
  2 ball pythons
  3 bats
  A frilled lizard (D:2)
  8 kobolds
  4 rats
172 creatures vanquished.

Notes
Turn   | Place    | Note
-------+----------+-------------------------------------------
     0 | D:1      | KittyFluff the Gargoyle Berserker began the quest for the
                  | Orb.
     0 | D:1      | Reached XP level 1. HP: 14/14 MP: 1/1
   105 | D:1      | Reached XP level 2. HP: 8/19 MP: 2/2
   444 | D:1      | Reached XP level 3. HP: 12/24 MP: 3/3
   720 | D:2      | Identified the +2 leather armour of the Journeyman {Will+
                  | Dex+2}
  1094 | D:2      | Reached XP level 4. HP: 29/29 MP: 4/4
  1096 | D:2      | Reached ** piety under Trog
  1121 | D:2      | Found a faded altar of an unknown god.
  1373 | D:3      | Noticed Sigmund
  1388 | D:3      | Killed Sigmund
  1389 | D:3      | Reached skill level 4 in Maces & Flails
  1389 | D:3      | Reached XP level 5. HP: 21/34 MP: 5/5
  1536 | D:3      | Reached XP level 6. HP: 38/39 MP: 6/6
  1699 | D:3      | Found a runed translucent door.
  1700 | D:3      | Noticed Crazy Yiuf
  1709 | D:3      | Killed Crazy Yiuf
  1710 | D:3      | Reached skill level 1 in Stealth
  1864 | D:3      | Reached skill level 5 in Maces & Flails
  2390 | D:3      | Found the +7 staff of the Meek {protect, meekguard}
  2501 | D:4      | Found a blossoming altar of Fedhas.
  2616 | D:4      | Found a white marble altar of Elyvilon.
  2626 | D:4      | Noticed an ice beast
  2641 | D:4      | Killed an ice beast
  2642 | D:4      | Reached XP level 7. HP: 32/44 MP: 7/7
  3139 | D:4      | Noticed an air elemental
  3141 | D:4      | Found a stormy altar of Qazlal.
  3143 | D:4      | Noticed a fire elemental
  3143 | D:4      | Noticed a water elemental
  3332 | D:5      | Entered Level 5 of the Dungeon
  3332 | D:5      | Noticed Edmund
  3332 | D:5      | Found a staircase to the Ecumenical Temple.
  3355 | D:4      | Reached skill level 6 in Maces & Flails
  3422 | D:4      | Reached skill level 5 in Fighting
  3432 | D:4      | Killed Edmund
  3592 | D:4      | Reached *** piety under Trog
  3593 | D:4      | Reached XP level 8. HP: 44/49 MP: 8/8
  3732 | D:5      | Reached skill level 5 in Armour
  3838 | D:5      | Noticed Dowan
  3844 | D:5      | Noticed Duvessa
  3862 | D:5      | Killed Duvessa
  3863 | D:5      | Reached skill level 7 in Maces & Flails
  3876 | D:5      | Killed Dowan
  4118 | D:5      | Identified the +6 dagger of Grace {pain, rElec rPois rF+
                  | rN+}
  4440 | D:5      | Found a bloodstained altar of Trog.
  4613 | D:6      | Noticed Grinder
  4806 | D:6      | Killed Grinder
  4900 | D:6      | Noticed Menkaure
  4989 | D:6      | Killed Menkaure
  4990 | D:6      | Reached XP level 9. HP: 45/55 MP: 9/9
  5316 | D:6      | Reached skill level 8 in Maces & Flails
  5813 | D:6      | Noticed a two-headed ogre
  5822 | D:6      | Killed a two-headed ogre
  6119 | D:6      | Reached skill level 9 in Maces & Flails
  6451 | D:7      | Reached **** piety under Trog
  6515 | D:7      | Reached skill level 5 in Dodging
  6550 | D:7      | Reached XP level 10. HP: 41/61 MP: 10/10
  7082 | D:7      | Found a broken altar of Ashenzari.
  7385 | D:8      | Noticed a two-headed ogre
  7395 | D:8      | Killed a two-headed ogre
  7396 | D:8      | Reached skill level 10 in Maces & Flails
  7659 | D:8      | Noticed a cyclops
  7669 | D:8      | Killed a cyclops
  7849 | D:8      | Noticed Grum
  8195 | D:8      | Noticed Joseph
  8478 | D:8      | Slain by an orc warrior

Illustrated notes

Levels and vault maps discovered:
D:1:      tarquinn_simple_flora_water_b, layout_basic
D:2:      kennysheep_the_goblin_king, layout_loops_ring,
          chequers_ecumenical_altar_twisty
D:3:      layout_loops_ring, pf_guarded_unrand_meek, uniq_sigmund,
          uniq_crazy_yiuf_cottage
D:4:      layout_loops_cross, nicolae_overflow_crystal_walls,
          mainiacjoe_overflow_small_starburst, nicolae_qazlal_style_of_elements
D:5:      layout_loops_ring, general_overflow_altar, kennysheep_little_box,
          minmay_temple_entry_statues_fountains, uniq_edmund, uniq_duvessa
D:6:      nicolae_cairo_tiling_large, layout_layer_cave, uniq_menkaure,
          uniq_grinder
D:7:      hellmonk_destroyed_diamonds, layout_basic, ashenzari_altar_1
D:8:      layout_loops_ring, grunt_ministairs_6, minmay_diced_spiral, uniq_grum,
          uniq_joseph

Skill      XL: |  1  2  3  4  5  6  7  8  9 10 |
---------------+-------------------------------+-----
Fighting       | 4 5 6 7 |  7.5
Maces & Flails | 4 5 6 7 9 10 | 10.8
Armour         | 3 4 5 7 8 |  8.2
Dodging        | 2 3 4 5 |  5.6
Stealth        | 1 2 3 |  3.8

Action                   |  1- 3 |  4- 6 |  7- 9 | 10-12 || total
-------------------------+-------+-------+-------+-------++-------
Melee: Mace              |    84 |   105 |   192 |       ||   381
       Punch             |     1 |     2 |     4 |     8 ||    15
       Flail             |       |       |   156 |   185 ||   341
Invok: Berserk           |       |     2 |     2 |     1 ||     5
  Use: Scroll            |       |       |     7 |     6 ||    13
 Stab: Distracted        |       |     1 |       |       ||     1
       Sleeping          |       |       |       |     1 ||     1
Armor: Animal skin       |    15 |       |       |       ||    15
       Leather armour    |    23 |    33 |   192 |    86 ||   334
Dodge: Dodged            |    54 |    54 |   207 |   181 ||   496
